 Dungeon Crawl Stone Soup version 0.17-a0-1691-g18a3847 (webtiles) character file.

186968 Leibowitz the Imperceptible (level 19, -23/123 HPs)
             Began as a Kobold Gladiator on Aug 19, 2015.
             Was the Champion of Okawaru.
             Killed from afar by a shock serpent (25 damage)
             ... with a bolt of electricity
             ... on level 1 of the Snake Pit on Aug 20, 2015.
             The game lasted 03:39:17 (44183 turns).

Leibowitz the Imperceptible (Kobold Gladiator)     Turns: 44183, Time: 03:39:18

Health: -23/123    AC: 16    Str: 17    XL:     19   Next: 19%
Magic:  30/30      EV: 24    Int:  4    God:    Okawaru [******]
Gold:   1879       SH:  8    Dex: 25    Spells: 1 memorised, 17 levels left

rFire  + + +     SeeInvis .     a - +9 dagger of Frustration {venom, rPois Str+4}
rCold  . . .     Clarity  +     N - +1 chain mail {rF+}
rNeg   . . .     SustAt   .     Q - +0 buckler
rPois  +         Gourm    .     K - +0 hat "Otinee" {+Inv rF+++ Int-3 Stlth+}
rElec  .         Spirit   .     B - +1 cloak
rCorr  .         Warding  .     s - +0 pair of gloves of the Komodo Dragon {rPois Slay+5}
rMut   .         Rnd*Tele +     q - +1 pair of boots {Fly}
MR     +++..                    y - amulet "Wiur" {Clar +Inv}
Stlth  ++++++++..               V - ring of Lady Luck {+Fly rF- Int+3 Stlth+}
                                p - ring of Dishonesty {+/*Tele rPois rF+ MR++ Int-4}

@: flying, drained, extremely resistant to hostile enchantments, extraordinarily
stealthy
A: horns 1, talons 1, breathe flames 1, carnivore 3, clever 1, high mp 1
a: Heroism, Finesse, Renounce Religion, Breathe Fire, Evoke Invisibility, Stop
Flying, Evoke Teleportation


You were on level 1 of the Snake Pit.
You worshipped Okawaru.
Okawaru was exalted by your worship.
You were full.

You visited 7 branches of the dungeon, and saw 34 of its levels.

You collected 3369 gold pieces.
You spent 1490 gold pieces at shops.

Inventory:

Hand weapons
 a - the +9 dagger of Frustration (weapon) {venom, rPois Str+4}
   (Okawaru gifted it to you on level 4 of the Lair of Beasts)

   It poisons the flesh of those it strikes.
   It affects your strength (+4).
   It protects you from poison.
 b - a +0 blowgun
 T - the +5 short sword "Ipruseur" {antimagic, Str+3 Int-5 Dex+4}
   (Okawaru gifted it to you on level 5 of the Lair of Beasts)

   It disrupts the flow of magical energy around spellcasters and certain
   magical creatures (including the wielder).
   It affects your strength (+3).
   It affects your intelligence (-5).
   It affects your dexterity (+4).
Missiles
 d - 8 throwing nets (quivered)
 t - 11 curare-tipped needles
 A - 2 needles of paralysis
 F - 13 needles of sleeping
Armour
 k - the +0 pair of gloves of the Orb {MR+ rCorr}
   (Okawaru gifted it to you on level 8 of the Lair of Beasts)

   It affects your resistance to hostile enchantments.
   It protects you from acid and corrosion.
 q - a +1 pair of boots of flying (worn)
 s - the +0 pair of gloves of the Komodo Dragon (worn) {rPois Slay+5}
   (Okawaru gifted it to you on level 2 of the Elven Halls)

   It affects your accuracy and damage with ranged weapons and melee attacks
   (+5).
   It protects you from poison.
 B - a +1 cloak (worn)
 H - the +2 buckler of Exkeus {rC- MR+ Str+2 Int+6}
   (Okawaru gifted it to you on level 7 of the Lair of Beasts)

   It affects your strength (+2).
   It affects your intelligence (+6).
   It makes you vulnerable to cold.
   It affects your resistance to hostile enchantments.
 K - the +0 hat "Otinee" (worn) {+Inv rF+++ Int-3 Stlth+}
   (Okawaru gifted it to you on level 1 of the Shoals)

   It affects your intelligence (-3).
   It renders you almost immune to fire.
   It lets you turn invisible.
   It makes you more stealthy.
 N - a +1 chain mail of fire resistance (worn)
 P - the +1 leather armour of the Komtur {rElec rN+ Slay-4}
   (You bought it in a shop on level 4 of the Orcish Mines)

   It affects your accuracy and damage with ranged weapons and melee attacks
   (-4).
   It insulates you from electricity.
   It protects you from negative energy.
 Q - a +0 buckler (worn)
 X - the +3 crown of Dyrovepreva {rElec Int+2 SInv}
   (You bought it in a shop on level 4 of the Orcish Mines)

   It affects your intelligence (+2).
   It insulates you from electricity.
   It lets you see invisible.
Jewellery
 p - the ring of Dishonesty (left hand) {+/*Tele rPois rF+ MR++ Int-4}
   (You found it on level 13 of the Dungeon)

   [ring of teleportation]

   It may teleport you to nearby monsters, and can be evoked to randomly
   teleport.
   It affects your intelligence (-4).
   It protects you from fire.
   It protects you from poison.
   It affects your resistance to hostile enchantments.
 y - the amulet "Wiur" (around neck) {Clar +Inv}
   (You acquired it on level 3 of the Lair of Beasts)

   [amulet of clarity]

   It provides mental clarity.
   It lets you turn invisible.
 O - an uncursed ring of sustain attributes
 V - the ring of Lady Luck (right hand) {+Fly rF- Int+3 Stlth+}
   (You found it on level 10 of the Dungeon)

   [ring of intelligence]

   It affects your intelligence (+3).
   It makes you vulnerable to fire.
   It lets you fly.
   It makes you more stealthy.
Magical devices
 i - a wand of fire (10)
 v - a wand of fire (11)
 J - a wand of heal wounds (3)
 U - a wand of hasting (3)
 W - a wand of disintegration (11)
Scrolls
 e - 3 scrolls of enchant armour
 j - 5 scrolls of teleportation
 m - 8 scrolls of remove curse
 r - 5 scrolls of enchant weapon
 u - 5 scrolls of fear
 z - 23 scrolls of identify
 D - a scroll of blinking
 I - 5 scrolls of magic mapping
 R - a scroll of fog
 S - 2 scrolls of silence
Potions
 c - 2 potions of cure mutation
 g - 2 potions of cancellation
 l - a potion of might
 n - 7 potions of haste
 o - 8 potions of curing
 w - 2 potions of berserk rage
 x - 3 potions of lignification
 C - a potion of resistance
 G - 5 potions of agility
 L - a potion of invisibility
 Y - 2 potions of ambrosia
Comestibles
 f - 13 meat rations
 h - 10 beef jerkies
 E - 14 royal jellies
 M - 2 slices of pizza
 Z - 5 chunks of flesh


   Skills:
 * Level 14.8(13.4) Fighting
 - Level 11.4(10.1) Short Blades
 + Level 4.3(3.3) Throwing
 + Level 6.8(5.7) Armour
 * Level 19.6(18.1) Dodging
 + Level 21.8(20.2) Stealth
 * Level 7.8(6.7) Shields
 + Level 2.2(1.2) Invocations
 * Level 11.6(10.3) Evocations


You had 17 spell levels left.
You knew the following spells:

 Your Spells              Type           Power        Failure   Level  Hunger
a - Freeze                Ice            #...         100%        1    ##.....


Dungeon Overview and Level Annotations

Branches:
Dungeon (15/15)            Temple (1/1) D:7            Lair (8/8) D:9
 Shoals (2/4) Lair:5        Snake (1/4) Lair:3        Slime (0/6) Lair:6
    Orc (4/4) D:12            Elf (3/3) Orc:4        Vaults (0/5) D:14
 Depths: D:15

Altars:
Ashenzari
Cheibriados
Dithmenos
Elyvilon
Fedhas
Gozag
Kikubaaqudgha
Makhleb
Nemelex Xobeh
Okawaru
Qazlal
Ru
Sif Muna
Trog
Vehumet
Xom
Yredelemnul
Zin
The Shining One
Beogh

Shops:
D:5 *   Orc:4 =:[(   Elf:2 =   Snake:1 (

Annotations:
D:7 otabotab's ghost, experienced MiBe


Innate Abilities, Weirdness & Mutations

You are small and have problems with some larger weapons.
You are carnivorous and can eat meat at any time.
You have a pair of small horns on your head.
You have sharp toenails.
You can breathe flames.
Your mind is acute. (Int +2)
You have an increased reservoir of magic (+10% MP).


Message History

You hit the shock serpent.
The shock serpent is poisoned.
You headbutt the shock serpent.
The shock serpent is moderately wounded.
The shock serpent's electric aura discharges!
The lightning shocks you.
* * * LOW HITPOINT WARNING * * *
The shock serpent barely misses you.
You hit the shock serpent.
The shock serpent looks even sicker.
You headbutt the shock serpent.
The shock serpent is heavily wounded.
The shock serpent misses you.
You hit the shock serpent but do no damage.
The shock serpent is heavily wounded.
The naga spits poison at you. The splash of poison hits you! You resist.
The shock serpent shoots out a bolt of lightning at you!
The bolt of electricity hits you!
* * * LOW HITPOINT WARNING * * *
The bolt of electricity hits you!
You die...

.$####......# #....
...##.......###...##
/...........# 8...8
.†..#S.###### #...#
)......# #...#
....)### ##...##
....## #8...8# ....#
##...## .....# #.@S#
.......
........N......
........
.......⌠.......
....#...
...........%.$. >..
###8##...##8### ...
## #...# ## .. 8...8
.. #...# .


You could see a shock serpent and a naga.

Vanquished Creatures
  Saint Roka (Orc:4)
  Rupert (Snake:1)
  Asterion (Elf:1)
  A deep elf blademaster (Elf:2)
  Kirke (Elf:1)
  Roxanne (D:14)
  Donald (Orc:3)
  Maud (Lair:7)
  2 deep elf sorcerers
  A deep elf annihilator (Elf:3)
  A deep elf demonologist (Elf:3)
  Azrael (D:14)
  2 deep elf death magi
  Josephine (Shoals:1)
  2 merfolk impalers
  3 deep elf high priests
  The ghost of Thronen the Fighter, an experienced OgFi of Makhleb (D:9)
  A great orb of eyes (D:10)
  13 hydras
  Harold (Orc:3)
  A naga warrior (Lair:3)
  3 merfolk avatars
  8 death yaks
  3 centaur warriors (D:14)
  2 anacondas (Snake:1)
  A satyr (Shoals:2)
  15 dancing weapons (Elf:2)
  A merfolk aquamancer (Shoals:2)
  4 ogre magi
  A naga sharpshooter (Snake:1)
  An orc high priest (Orc:4)
  The ghost of Malak the Summoner, a powerful DESu of Sif Muna (Lair:4)
  22 deep elf knights
  Sonja (Lair:1)
  2 sea snakes
  A naga ritualist (Snake:1)
  9 deep elf summoners
  5 orc knights
  A mana viper (Snake:1)
  5 hill giants
  3 fauns (Shoals:2)
  11 harpies
  10 deep elf conjurers
  7 griffons
  4 manticores
  3 ugly things
  An orc sorcerer (Elf:2)
  An oklob plant (Lair:2)
  4 water nymphs
  A guardian serpent (shapeshifter) (Elf:1)
  3 cyclopes
  25 elephants
  2 naga magi (Snake:1)
  8 black mambas
  2 sirens
  A torpor snail (Lair:3)
  21 spiny frogs
  3 fire drakes
  2 kobold demonologists (D:11)
  21 deep elf priests
  8 komodo dragons
  3 giant leeches (Lair:8)
  2 snapping turtles (Shoals:1)
  11 trolls
  6 polar bears (D:9)
  9 merfolk
  A queen bee (Lair:4)
  27 blink frogs
  2 wind drakes (Shoals:1)
  A raiju (shapeshifter) (D:15)
  4 slime creatures
  7 two-headed ogres
  53 yaks
  A boulder beetle (Lair:7)
  A spriggan (shapeshifter) (Elf:2)
  A hog (Elf:1)
  8 water elementals (Shoals:2)
  29 deep elf magi
  14 wyverns
  2 shadows (D:14)
  5 wraiths
  Grum (Lair:1)
  12 hippogriffs
  3 hungry ghosts
  36 deep elf fighters
  5 fire elementals (D:14)
  A hippogriff (shapeshifter) (Elf:1)
  3 basilisks
  Menkaure (D:6)
  6 nagas
  2 wargs
  2 hell hounds (D:14)
  2 vampire mosquitoes (Lair:8)
  2 trapdoor spider simulacra (D:9)
  12 wolves
  8 porcupines
  A mottled dragon (D:14)
  10 water moccasins
  4 phantoms
  A sky beast (D:5)
  A wasp (D:14)
  A necrophage (D:10)
  2 black bears (D:10)
  7 ice beasts
  31 orc warriors
  23 crocodiles
  2 eyes of draining (D:11)
  18 centaurs
  22 ogres
  9 big kobolds
  29 giant frogs
  A wyvern skeleton (D:13)
  7 scorpions
  4 wights (D:13)
  33 killer bees
  16 electric eels
  The ghost of Stinkehund the Insei, a weakling OpMo (D:3)
  A vampire bat (D:11)
  5 crimson imps
  3 centaur zombies
  3 gnoll shamans (D:12)
  30 orc priests
  6 centaur skeletons
  A hell rat (D:9)
  6 jellies
  Ijyb (D:3)
  8 hounds
  35 orc wizards
  A giant frog skeleton (D:10)
  18 iguanas
  Natasha (thrice) (D:2)
  A giant frog simulacrum (D:9)
  A killer bee zombie (D:11)
  12 worker ants
  16 sheep
  A centaur simulacrum (D:9)
  A killer bee simulacrum (D:9)
  A worker ant zombie (D:5)
  2 hound skeletons (D:9)
  Robin (D:3)
  13 gnolls
  4 adders
  A hound simulacrum (D:9)
  33 river rats
  4 shadow imps
  3 white imps (D:9)
  An ufetubus (D:9)
  An ooze (D:3)
  A worm (D:3)
  161 orcs
  A ball python (D:2)
  5 giant cockroaches
  23 goblins
  10 hobgoblins
  8 jackals
  39 kobolds
  6 quokkas
  17 bats
  12 giant geckos
  A giant gecko zombie (D:8)
  A giant newt (D:3)
  A jackal zombie (D:7)
  2 quokka simulacra (D:9)
  A quokka skeleton (D:7)
  9 rats
  A bush (Lair:2)
  2 fungi (D:12)
  A plant (Lair:7)
1290 creatures vanquished.

Vanquished Creatures (others)
  A merfolk aquamancer (Shoals:2)
  A merfolk (Shoals:2)
  2 two-headed ogres (D:15)
  A deep elf mage (Elf:2)
  4 humans (Elf:1)
  2 deep elf fighters
  An orc priest (Orc:4)
  An orc wizard (Orc:4)
  3 orcs
  38 fungi
  30 plants
  9 tentacles (Shoals:2)
  622 tentacle segments (Shoals:2)
715 creatures vanquished.

Grand Total: 2005 creatures vanquished

Notes
Turn   | Place    | Note
--------------------------------------------------------------
     0 | D:1      | Leibowitz the Kobold Gladiator began the quest for the Orb.
     0 | D:1      | Reached XP level 1. HP: 12/12 MP: 1/1
   472 | D:1      | Reached XP level 2. HP: 17/17 MP: 2/2
   981 | D:2      | Reached XP level 3. HP: 6/21 MP: 3/3
  1450 | D:2      | Reached skill level 1 in Stealth
  1450 | D:2      | Reached XP level 4. HP: 17/27 MP: 4/4
  1493 | D:2      | Noticed Natasha
  1506 | D:2      | Killed Natasha
  1517 | D:2      | Noticed Natasha
  1532 | D:2      | Killed Natasha
  1532 | D:2      | Reached skill level 1 in Armour
  1762 | D:2      | Reached skill level 5 in Dodging
  1815 | D:2      | Noticed Natasha
  1832 | D:2      | Killed Natasha
  2110 | D:3      | Reached XP level 5. HP: 31/31 MP: 5/5
  2212 | D:3      | Gained mutation: You have a pair of small horns on your head. [potion of mutation]
  2212 | D:3      | Gained mutation: You have an increased reservoir of magic (+10% MP). [potion of mutation]
  2212 | D:3      | Gained mutation: You evolve. [potion of mutation]
  2238 | D:3      | Noticed Robin
  2290 | D:3      | Killed Robin
  2420 | D:3      | Noticed Stinkehund's ghost (weakling OpMo)
  2451 | D:3      | Killed Stinkehund's ghost
  2451 | D:3      | Reached skill level 5 in Short Blades
  2713 | D:3      | Reached XP level 6. HP: 34/36 MP: 6/6
  2762 | D:3      | Noticed Ijyb
  2778 | D:3      | Killed Ijyb
  3396 | D:4      | Reached XP level 7. HP: 41/41 MP: 7/7
  3496 | D:4      | Reached skill level 6 in Short Blades
  3789 | D:5      | Entered Level 5 of the Dungeon
  3914 | D:5      | Found Pyczi's Assorted Antiques.
  3922 | D:5      | Bought an orange potion for 19 gold pieces
  3922 | D:5      | Bought an orange potion for 19 gold pieces
  4595 | D:5      | Reached skill level 5 in Stealth
  4595 | D:5      | Reached XP level 8. HP: 48/48 MP: 8/8
  4647 | D:5      | Gained mutation: You can breathe flames. [evolution]
  4752 | D:5      | Reached skill level 7 in Dodging
  5705 | D:6      | Noticed Menkaure
  5719 | D:6      | Killed Menkaure
  6097 | D:6      | Found a blossoming altar of Fedhas.
  6251 | D:6      | Reached skill level 5 in Fighting
  6263 | D:6      | Reached XP level 9. HP: 54/54 MP: 9/9
  7128 | D:7      | Reached skill level 8 in Dodging
  7480 | D:7      | Gained mutation: Your mind is acute. (Int +2) [potion of beneficial mutation]
  7490 | D:7      | Gained mutation: You have sharp toenails. [evolution]
  7490 | D:7      | Lost mutation: You evolve. [end of evolution]
  7510 | D:7      | Noticed otabotab's ghost (experienced MiBe)
  7602 | D:7      | Reached skill level 9 in Stealth
  7972 | D:7      | Found a staircase to the Ecumenical Temple.
  7981 | Temple   | Entered the Ecumenical Temple
  8078 | Temple   | Became a worshipper of Warmaster Okawaru
  8144 | D:7      | Reached XP level 10. HP: 61/61 MP: 11/11
  8798 | D:8      | Reached skill level 10 in Stealth
  9442 | D:9      | Acquired Okawaru's first power
  9442 | D:9      | Reached skill level 11 in Stealth
  9470 | D:9      | Noticed Thronen's ghost (experienced OgFi)
  9555 | D:9      | Found a staircase to the Lair.
 10157 | Lair:1   | Entered Level 1 of the Lair of Beasts
 10245 | D:9      | Reached skill level 10 in Dodging
 10426 | Lair:1   | Noticed a black mamba
 10433 | D:9      | Reached XP level 11. HP: 55/67 MP: 12/12
 10506 | D:10     | Entered Level 10 of the Dungeon
 10629 | D:10     | Reached skill level 10 in Short Blades
 10831 | D:10     | Reached skill level 12 in Stealth
 11478 | D:10     | Noticed a great orb of eyes
 11741 | D:11     | Noticed a purple ugly thing
 11754 | D:11     | Killed a purple ugly thing
 12493 | D:9      | Killed a black mamba
 12815 | Lair:1   | Noticed Grum
 12841 | Lair:1   | Killed Grum
 12846 | Lair:1   | Acquired Okawaru's second power
 13097 | Lair:1   | Reached XP level 12. HP: 51/75 MP: 13/13
 13221 | Lair:1   | Noticed Sonja
 13255 | Lair:1   | Killed Sonja
 13417 | Lair:1   | Noticed a spiny frog
 13428 | Lair:1   | Killed a spiny frog
 13428 | Lair:1   | Received a gift from Okawaru
 13919 | Lair:1   | Reached skill level 13 in Dodging
 14272 | Lair:2   | Learned a level 1 spell: Freeze
 14607 | Lair:2   | Received a gift from Okawaru
 14611 | Lair:2   | Got an ichor-stained plate armour {god gift}
 14624 | Lair:2   | Identified the +2 plate armour "Potauxeg" {*Confuse Regen+ rCorr Int+6} (Okawaru gifted it to you on level 2 of the Lair of Beasts)
 14886 | Lair:2   | Identified Vehumet's Tome of Conjuration
 15335 | Lair:3   | Noticed a naga warrior
 15444 | Lair:3   | Found a staircase to the Snake Pit.
 15526 | Lair:3   | Killed a naga warrior
 15786 | Lair:3   | Noticed a six-headed hydra
 15846 | Lair:3   | Killed a six-headed hydra
 15883 | Lair:3   | Reached skill level 14 in Stealth
 16276 | Lair:3   | Identified a scroll of acquirement
 16277 | Lair:3   | Got a clouded golden amulet
 16278 | Lair:3   | Identified the amulet "Wiur" {Clar +Inv} (You acquired it on level 3 of the Lair of Beasts)
 16326 | Lair:3   | Found a glowing golden altar of the Shining One.
 16651 | Lair:3   | Reached XP level 13. HP: 81/81 MP: 14/14
 16687 | Lair:3   | Found a runed door.
 16953 | Lair:3   | Noticed a four-headed hydra
 16959 | Lair:3   | Killed a four-headed hydra
 16959 | Lair:3   | Reached skill level 10 in Fighting
 17064 | Lair:4   | Noticed Malak's ghost (powerful DESu)
 17078 | Lair:4   | Killed Malak's ghost
 17078 | Lair:4   | Reached skill level 1 in Evocations
 17084 | Lair:4   | Reached skill level 15 in Dodging
 17386 | Lair:4   | Received a gift from Okawaru
 17389 | Lair:4   | Got an iridescent dagger {god gift}
 17391 | Lair:4   | Identified the +9 dagger of Frustration {venom, rPois Str+4} (Okawaru gifted it to you on level 4 of the Lair of Beasts)
 18626 | Lair:5   | Received a gift from Okawaru
 18732 | Lair:5   | Reached skill level 15 in Stealth
 18792 | Lair:5   | Received a gift from Okawaru
 18803 | Lair:5   | Got an ancient short sword {god gift}
 18804 | Lair:5   | Identified the +5 short sword "Ipruseur" {antimagic, Str+3 Int-5 Dex+4} (Okawaru gifted it to you on level 5 of the Lair of Beasts)
 19083 | Lair:5   | Found a stormy altar of Qazlal.
 19214 | Lair:5   | Reached XP level 14. HP: 51/90 MP: 18/18
 19395 | Lair:5   | Found a staircase to the Shoals.
 20228 | Lair:6   | Received a gift from Okawaru
 20228 | Lair:6   | Reached skill level 16 in Stealth
 20234 | Lair:6   | Reached skill level 5 in Evocations
 20391 | Lair:6   | Found a staircase to the Slime Pits.
 21079 | Lair:6   | Reached skill level 5 in Armour
 21192 | Lair:7   | Noticed Maud
 21203 | Lair:7   | Killed Maud
 21436 | Lair:7   | Reached skill level 17 in Stealth
 21536 | Lair:7   | Received a gift from Okawaru
 21603 | Lair:7   | Received a gift from Okawaru
 21604 | Lair:7   | Got an ancient buckler {god gift}
 21610 | Lair:7   | Identified the +2 buckler of Exkeus {rC- MR+ Str+2 Int+6} (Okawaru gifted it to you on level 7 of the Lair of Beasts)
 21700 | Lair:7   | Reached XP level 15. HP: 73/96 MP: 20/22
 22225 | Lair:7   | Reached skill level 1 in Shields
 23006 | Lair:8   | Entered Level 8 of the Lair of Beasts
 23254 | Lair:8   | Reached skill level 18 in Stealth
 24195 | Lair:8   | Received a gift from Okawaru
 24222 | Lair:8   | Got a pair of brightly glowing gloves {god gift}
 24502 | Lair:8   | Identified the +0 pair of gloves of the Orb {MR+ rCorr} (Okawaru gifted it to you on level 8 of the Lair of Beasts)
 25058 | D:9      | Killed Thronen's ghost
 26058 | D:10     | Killed a great orb of eyes
 26078 | D:10     | Got a steaming silver ring
 26080 | D:10     | Identified the ring of Lady Luck {+Fly rF- Int+3 Stlth+} (You found it on level 10 of the Dungeon)
 26322 | D:11     | Noticed a four-headed hydra
 26326 | D:11     | Killed a four-headed hydra
 26357 | D:11     | Noticed a green ugly thing
 26361 | D:11     | Noticed a hill giant
 26362 | D:11     | Noticed a hill giant
 26373 | D:11     | Killed a green ugly thing
 26380 | D:11     | Killed a hill giant
 26390 | D:11     | Killed a hill giant
 26919 | D:12     | Found a staircase to the Orcish Mines.
 27095 | Orc:1    | Entered Level 1 of the Orcish Mines
 27103 | Orc:1    | Upgraded the game from 0.17-a0-1678-g710b578 to 0.17-a0-1691-g18a3847
 27199 | Orc:1    | Reached XP level 16. HP: 97/103 MP: 8/24
 27402 | Orc:1    | Found a deep blue altar of Sif Muna.
 27432 | Orc:1    | Identified Sif Muna's Compendium of Cold (You found it on level 1 of the Orcish Mines)
 28292 | Orc:4    | Entered Level 4 of the Orcish Mines
 28394 | Orc:3    | Noticed Donald
 28395 | Orc:3    | Killed Donald
 28606 | Orc:3    | Noticed Harold
 28626 | Orc:3    | Killed Harold
 28900 | Orc:4    | Found a staircase to the Elven Halls.
 29167 | Orc:4    | Found a roughly hewn altar of Beogh.
 29375 | Orc:4    | Found a roughly hewn altar of Beogh.
 29443 | Orc:4    | Found a roughly hewn altar of Beogh.
 29448 | Orc:4    | Found Xiac Okk's Jewellery Shoppe.
 29554 | Orc:4    | Noticed Saint Roka
 29555 | Orc:4    | Found Byiggeic's Antique Armour Shoppe.
 29555 | Orc:4    | Found a roughly hewn altar of Beogh.
 29556 | Orc:4    | Found Newof's Antique Weapon Emporium.
 29761 | Orc:4    | Found a roughly hewn altar of Beogh.
 29962 | Orc:4    | Found a roughly hewn altar of Beogh.
 29967 | Orc:4    | Found Quass's Book Boutique.
 30011 | Orc:4    | Found a roughly hewn altar of Beogh.
 30136 | Orc:4    | Killed Saint Roka
 30136 | Orc:4    | Received a gift from Okawaru
 30136 | Orc:4    | Reached skill level 1 in Invocations
 30228 | Orc:4    | Bought a transparent leather armour for 210 gold pieces
 30228 | Orc:4    | Bought the +3 crown of Dyrovepreva {rElec Int+2 SInv} for 1242 gold pieces
 30249 | Orc:4    | Identified the cursed +1 leather armour of the Komtur {rElec rN+ Slay-4} (You bought it in a shop on level 4 of the Orcish Mines)
 30319 | Orc:4    | Reached skill level 19 in Stealth
 30969 | D:12     | Found a shadowy altar of Dithmenos.
 31683 | D:13     | Got a shimmering wooden ring
 31685 | D:13     | Identified the ring of Dishonesty {+/*Tele rPois rF+ MR++ Int-4} (You found it on level 13 of the Dungeon)
 32048 | D:14     | Noticed Azrael
 32359 | D:14     | Reached skill level 5 in Shields
 32559 | D:14     | Noticed Roxanne
 32783 | D:14     | HP: 2/104 [Azrael/blast of hellfire (38)]
 32789 | D:14     | Killed Azrael
 33148 | D:14     | Found a gate to the Vaults.
 33600 | D:15     | Entered Level 15 of the Dungeon
 33996 | D:15     | Reached XP level 17. HP: 79/109 MP: 26/26
 34429 | D:14     | Killed Roxanne
 34893 | Shoals:1 | Entered Level 1 of the Shoals
 34964 | Shoals:1 | Noticed Josephine
 34971 | Shoals:1 | Killed Josephine
 35275 | Shoals:1 | Received a gift from Okawaru
 35278 | Shoals:1 | Got a distressingly furry hat {god gift}
 35289 | Shoals:1 | Identified the +0 hat "Otinee" {+Inv rF+++ Int-3 Stlth+} (Okawaru gifted it to you on level 1 of the Shoals)
 35448 | Shoals:1 | Reached skill level 10 in Evocations
 37300 | Shoals:2 | HP: 1/110 [drowned by a drowned soul[a merfolk avatar] (17)]
 37483 | Shoals:2 | HP: 2/110 [water nymph/the raging water (25)]
 37515 | Shoals:2 | Reached skill level 20 in Stealth
 37886 | Snake:1  | Entered Level 1 of the Snake Pit
 37979 | Snake:1  | Found Ahyff's Weapon Emporium.
 37985 | Snake:1  | Noticed Rupert
 38445 | Elf:1    | Entered Level 1 of the Elven Halls
 38465 | Elf:1    | Noticed Kirke
 38468 | Elf:1    | Killed Kirke
 38626 | Elf:1    | Received a gift from Okawaru
 38999 | Elf:1    | Noticed Asterion
 39148 | Elf:1    | Killed Asterion
 39148 | Elf:1    | Reached XP level 18. HP: 64/116 MP: 8/28
 39619 | Elf:1    | HP: 5/116 [deep elf conjurer/bolt of lightning (24)]
 40051 | Elf:1    | Received a gift from Okawaru
 41045 | Elf:2    | Received a gift from Okawaru
 41050 | Elf:2    | Got a pair of jewelled gloves {god gift}
 41061 | Elf:2    | Identified the +0 pair of gloves of the Komodo Dragon {rPois Slay+5} (Okawaru gifted it to you on level 2 of the Elven Halls)
 41103 | Elf:2    | Found Geret's Jewellery Boutique.
 41356 | Elf:2    | Reached skill level 21 in Stealth
 42065 | Elf:2    | Found a runed gate.
 42065 | Elf:2    | Found a runed gate.
 42066 | Elf:2    | Found a runed gate.
 42922 | Elf:3    | Entered Level 3 of the Elven Halls
 43173 | Elf:3    | Reached XP level 19. HP: 122/122 MP: 30/30
 43285 | Elf:3    | Received a gift from Okawaru
 43726 | Snake:1  | Killed Rupert
 43726 | Snake:1  | Received a gift from Okawaru
 44183 | Snake:1  | HP: 2/123 [shock serpent/bolt of electricity (15)]
 44183 | Snake:1  | Killed from afar by a shock serpent

Vault maps used:
D:1:      saegor_arrival_miasma, roderic_cross_of_infinity
D:2:      columned_hall_lemuel, grunt_ministairs_1, uniq_natasha
D:3:      kennysheep_goblin_castle, uniq_robin
D:5:      serial_shops, shop, first_bread, nicolae_underground_beach
D:6:      overflow_temple_1_default, uniq_menkaure
D:7:      temple_statues
D:9:      dpeg_lair_monsters, serial_ice, serial_ice_h, serial_ice_j,
          serial_ice_n, serial_ice_f, serial_ice_b, serial_ice_o, serial_ice_m,
          serial_ice_g, serial_ice_d, serial_ice_a
D:10:     kennysheep_island_fort
D:11:     kennysheep_big_flooded_room, blue_anna_alchemist, roderic_batcave,
          minivault_22
D:12:     kennysheep_seaside_town, david_orc_2, nicolae_dithmenos_shadow_blocks
D:14:     hangedman_vaults_entry_quadrant_bands, uniq_azrael, uniq_roxanne
D:15:     gammafunk_enter_depths_forms, hangedman_abyss_or_decor_stabs,
          uniq_louise
Temple:   kilobyte_greek_temple_18
Lair:1:   grunt_forest_small_clearing_treed, lemuel_fruit_fields, uniq_grum,
          uniq_sonja
Lair:2:   minmay_lair_oklob_items
Lair:3:   minmay_snake_entry_guardpost_large, basic_altar, pf_torpor_hydra
Lair:4:   special_room, beast_lair_carwin_7
Lair:5:   elwin_shoals_entry_rooms, serial_bayou, serial_bayou_crossing,
          serial_bayou_shore_b, serial_bayou_shore_b, serial_bayou_shore_b,
          basic_altar, beast_lair_carwin_8
Lair:6:   minmay_slime_entry_pillars, special_room
Lair:7:   patterned_corridor, uniq_maud
Lair:8:   minmay_lair_end_frog_pond, nicolae_quartered_pool_little, st_stairs_6
Shoals:1: uniq_josephine
Snake:1:  serial_corexii_hall, corexii_hall_statues_x, corexii_hall_statues_u,
          serial_shops, shop_fountains, uniq_rupert
Orc:1:    led_sif_book
Orc:2:    lemuel_statue_altar
Orc:3:    nicolae_orc_pool_cavern, uniq_donald, uniq_harold
Orc:4:    grunt_orc_community_town_hall, grunt_orc_community_big_house_2,
          grunt_orc_community_big_house_2, grunt_orc_community_house_1,
          grunt_orc_community_house_3, grunt_orc_community_house_1,
          grunt_orc_community_house_3, grunt_orc_community_house_2,
          grunt_orc_community_house_3, mines4_lemuel
Elf:1:    elf_arrival_001, kennysheep_underground_church, st_stairs_3,
          grunt_megastairs_2, uniq_asterion, uniq_kirke
Elf:2:    serial_glass, glass_columns_c, glass_columns_a, serial_shops, shop
Elf:3:    grunt_elf_hall_branching, uniq_aizul

Action                   |  1- 3 |  4- 6 |  7- 9 | 10-12 | 13-15 | 16-18 | 19-21 || total
-------------------------+-------+-------+-------+-------+-------+-------+-------++-------
Melee: Dagger            |    78 |   215 |    97 |       |   815 |  1589 |   114 ||  2908
       Rapier            |     5 |       |   181 |   672 |    40 |       |       ||   898
       Short sword       |       |       |       |       |   509 |   699 |       ||  1208
 Fire: Blowgun           |       |       |       |    61 |     2 |       |       ||    63
Throw: Throwing net      |     3 |       |       |     4 |       |     5 |       ||    12
 Cast: Freeze            |       |       |       |       |       |     2 |       ||     2
Invok: Heroism           |       |       |       |       |     3 |     6 |     1 ||    10
 Abil: Evoke Invisibilit |       |       |       |     2 |    23 |    35 |     2 ||    62
       Breathe Fire      |       |       |       |     1 |     1 |       |       ||     2
Evoke: Wand              |       |       |       |       |     1 |     6 |       ||     7
  Use: Potion            |     3 |     4 |     5 |     5 |     2 |     3 |       ||    22
       Scroll            |     4 |     2 |     6 |    12 |     4 |     8 |     1 ||    37
 Stab: Sleeping          |     1 |     4 |    17 |    71 |    50 |   159 |     3 ||   305
       Invisible         |       |     1 |       |     8 |    86 |   103 |     1 ||   199
       Distracted        |       |       |     5 |     1 |     8 |    23 |       ||    37
       Held in net/web   |       |       |       |     3 |       |     4 |       ||     7
       Paralysed         |       |       |       |       |     1 |       |       ||     1
  Eat: Chunk             |    10 |     6 |    21 |    32 |    48 |    69 |     2 ||   188
